 Dungeon Crawl Stone Soup version 0.25-a0-657-ge95d391c20 (webtiles) character file.

Game seed: 15304729316984287563, levelgen mode: deterministic

4 Masnef the Ogre Mage (level 1, -2/16 HPs)
             Began as an Ogre Wizard on Mar 22, 2020.
             Slain by a gnoll
             ... wielding a +0 whip
              (10 damage)
             ... on level 1 of the Dungeon.
             The game lasted 00:01:17 (214 turns).

Masnef the Ogre Mage (Ogre Wizard)                   Turns: 214, Time: 00:01:18

Health: -2/16      AC:  3    Str: 10    XL:     1   Next: 70%
Magic:  2/5        EV: 10    Int: 19    God:
Gold:   0          SH:  0    Dex:  7    Spells: 7/8 levels left

rFire    . . .     SeeInvis .   c - +0 dagger
rCold    . . .     Gourm    .   (no shield)
rNeg     . . .     Faith    .   a - +0 robe
rPois    .         Spirit   .   b - +0 hat
rElec    .         Reflect  .   (no cloak)
rCorr    .         Harm     .   (gloves unavailable)
MR       .....                  (boots unavailable)
Stlth    +.........             (no amulet)
HPRegen  0.05/turn              (no ring)
MPRegen  0.09/turn              (no ring)

@: no status effects
A: large, unfitting armour, tough skin 1
a: no special abilities


You were on level 1 of the Dungeon.
You were not hungry.

You visited 1 branch of the dungeon, and saw 1 of its levels.

Inventory:

Hand Weapons
 c - a +0 dagger (weapon)
Armour
 a - a +0 robe (worn)
 b - a +0 hat (worn)
Comestibles
 d - a ration
 f - 2 chunks of flesh


   Skills:
 + Level 1.7 Dodging
 + Level 1.4 Stealth
 + Level 4.0 Spellcasting
 + Level 0.8 Conjurations
   Level 0.8 Summonings
   Level 0.8 Translocations


You had 7 spell levels left.
You knew the following spells:

 Your Spells              Type           Power        Failure   Level  Hunger
a - Magic Dart            Conj           #...         10%         1    None

Your spell library contained the following spells:

 Spells                   Type           Power        Failure   Level  Hunger
 Blink                    Tloc           N/A          14%         2    ##.....
 Call Imp                 Summ           #.......     14%         2    ##.....
 Slow                     Hex            #.......     21%         2    ##.....
 Conjure Flame            Conj/Fire      #.......     34%         3    ###....
 Mephitic Cloud           Conj/Pois/Air  #.......     36%         3    ###....


Dungeon Overview and Level Annotations

Branches:
Dungeon (1/15)

Altars:


Innate Abilities, Weirdness & Mutations

You are too large for most types of armour.
You have tough skin. (AC +1)


Message History

The magic dart hits the gnoll.
The gnoll is lightly wounded.
Casting: Magic Dart (safe; 10% risk of failure)
Confirm with . or Enter, or press ? or * to list all spells.
Aiming: Magic Dart (safe; 10% risk of failure)
Press: ? - help, Shift-Dir - straight line, f/p - gnoll
Aim: a gnoll, wielding a +0 whip (lightly wounded)
The magic dart hits the gnoll.
The gnoll is lightly wounded.
The gnoll hits you with a +0 whip.
Casting: Magic Dart (safe; 10% risk of failure)
Confirm with . or Enter, or press ? or * to list all spells.
Aiming: Magic Dart (safe; 10% risk of failure)
Press: ? - help, Shift-Dir - straight line, f/p - gnoll
Aim: a gnoll, wielding a +0 whip (lightly wounded)
The magic dart hits the gnoll.
The gnoll is heavily wounded.
The gnoll hits you with a +0 whip!
Ouch! That really hurt!
You die...

###### #....#
#########....#
#...g@.......#
....#######....#
# #....# ##
####.## #######
.## #..#
###(.(((###..##
##.#
#(((..(.((##..#
#.#
...((8(..(.'..#
#.#
#(...((((.##..#
#.#


You could see a gnoll.

Vanquished Creatures
  A leopard gecko (D:1)
  A goblin (D:1)
  2 rats (D:1)
4 creatures vanquished.

Notes
Turn   | Place    | Note
-------+----------+-------------------------------------------
     0 | D:1      | Masnef the Ogre Wizard began the quest for the Orb.
     0 | D:1      | Reached XP level 1. HP: 16/16 MP: 5/5
   186 | D:1      | Reached skill level 4 in Spellcasting
   214 | D:1      | Slain by a gnoll

Levels and vault maps discovered:
D:1:      minmay_arrival_shattered_statue, layout_rooms

Skill      XL: |  1 |
---------------+----+-----
Spellcasting   | 4 |  4.0
Dodging        | |  1.7
Stealth        | |  1.4
Conjurations   | |  0.8
Summonings     | |  0.8
Translocations | |  0.8

Action                   || total
-------------------------++-------
Melee: Dagger            ||     6
       Unarmed           ||     4
 Cast: Magic Dart        ||     6
 Stab: Sleeping          ||     1
Armor: Robe              ||     1
Dodge: Dodged            ||     9

Table legend:
 A = Non-vault XP
 B = Vault XP
 C = Vault XP percentage of total XP
 D = Non-vault monster count
 E = Vault monster count
 F = Vault count percentage of total count
                 A         B        C        D         E       F
            +---------+---------+-------+---------+---------+-------
      Total |       7 |       0 |   0.0 |       4 |       0 |   0.0
            +---------+---------+-------+---------+---------+-------
        D:1 |       7 |       0 |   0.0 |       4 |       0 |   0.0
            +---------+---------+-------+---------+---------+-------
